 Dungeon Crawl Stone Soup version 0.20.0-14-g326068f (webtiles) character file.

46862 Rrauwl the Fighter (level 14, 0/124 HPs)
             Began as a Ghoul Wanderer on June 7, 2017.
             Was a High Priest of Nemelex Xobeh.
             Slain by an elephant (7 damage)
             ... on level 6 of the Lair of Beasts on June 8, 2017.
             The game lasted 01:32:51 (14821 turns).

Rrauwl the Fighter (Ghoul Wanderer)                Turns: 14821, Time: 01:32:51

Health: 0/124      AC: 16    Str: 19    XL:     14   Next: 39%
Magic:  0/19       EV:  9    Int:  6    God:    Nemelex Xobeh [*****.]
Gold:   811        SH: 14    Dex:  8    Spells: 10/13 levels left

rFire    + . .     SeeInvis .   a - +3 scimitar (flame)
rCold    + + .     Gourm    .   z - +0 large shield
rNeg     + + +     Faith    .   I - +5 scale mail of Spring {rC+ rN+ Dex-3 Stlth+}
rPois    ∞         Spirit   +   g - +0 helmet
rElec    .         Reflect  .   h - scarf {cloud immunity}
rCorr    +         Harm     .   (no gloves)
MR       +....                  e - +0 pair of boots
Stlth    +.........             w - amulet of guardian spirit
Regen    0.0/turn               E - ring of protection from fire
MPRegen  0.2/turn               G - ring of resist corrosion

@: rotting, slowed, very slow
A: rotting body, claws 1, carnivore 3, cold resistance 1, negative energy
resistance 3, inhibited regeneration, torment resistance, unbreathing
a: Triple Draw, Deal Four, Stack Five, Renounce Religion


You were on level 6 of the Lair of Beasts.
You worshipped Nemelex Xobeh.
Nemelex Xobeh was extremely pleased with you.
You were not hungry.

You visited 3 branches of the dungeon, and saw 17 of its levels.

You collected 811 gold pieces.

Inventory:

Hand Weapons
 a - a +3 scimitar of flaming (weapon)
 b - a +0 hunting sling of venom
Missiles
 m - 292 stones (quivered)
 s - 104 sling bullets
Armour
 e - a +0 pair of boots (worn)
 g - a +0 helmet (worn)
 h - a scarf of cloud immunity (worn)
 v - a +1 cloak
 z - a +0 large shield (worn)
 I - the +5 scale mail of Spring (worn) {rC+ rN+ Dex-3 Stlth+}
   (You found it on level 9 of the Dungeon)

   It affects your dexterity (-3).
   It protects you from cold.
   It protects you from negative energy.
   It makes you more stealthy.
 O - +0 steam dragon scales
Jewellery
 w - an amulet of guardian spirit (around neck)
 E - a ring of protection from fire (left claw)
 G - a ring of resist corrosion (right claw)
Wands
 c - a wand of confusion (4/48)
 f - a wand of disintegration (5/24)
 i - a wand of lightning (7/15)
 n - a wand of paralysis (13/24)
 o - a wand of disintegration (10/24)
 x - a wand of scattershot (0/9)
 y - a wand of acid (0/15)
 H - a wand of polymorph (7/24)
 K - a wand of confusion (27/48)
 N - a wand of disintegration (14/24)
Scrolls
 d - 6 scrolls of remove curse
 l - 3 scrolls of magic mapping
 q - a scroll of enchant weapon
 u - a scroll of amnesia
 J - 7 scrolls of identify
 L - a scroll of immolation
Potions
 k - 3 potions of flight
 B - a potion of cancellation
 D - a potion of invisibility
Books
 F - a book of Necromancy

   Spells                             Type                      Level
   a - Pain                           Necromancy                   1
   b - Animate Skeleton               Necromancy                   1
   c - Vampiric Draining              Necromancy                   3
   d - Regeneration                   Charms/Necromancy            3
   e - Animate Dead                   Necromancy                   4
   f - Control Undead                 Necromancy                   4
Miscellaneous
 j - a lamp of fire
 C - an ornate deck of escape {drawn: 5}
Comestibles
 r - a meat ration
 t - 20 royal jellies


   Skills:
 + Level 11.3 Fighting
   Level 1.7(6.1) Short Blades
 + Level 9.3(9.4) Long Blades
 + Level 9.2 Slings
 - Level 9.0 Armour
 - Level 9.1 Dodging
 + Level 5.6 Shields
 + Level 8.2 Invocations
 - Level 7.0 Evocations


You had 10 spell levels left.
You knew the following spells:

 Your Spells              Type           Power        Failure   Level  Hunger
a - Regeneration          Chrm/Necr      #.........   100%        3    ####...


Dungeon Overview and Level Annotations

Branches:
Dungeon (10/15)            Temple (1/1) D:5            Lair (6/6) D:10
  Swamp (0/4) Lair:3       Spider (0/4) Lair:2        Slime (0/5) Lair:5
    Orc: D:9-12

Altars:
Ashenzari
Cheibriados
Dithmenos
Elyvilon
Fedhas
Gozag
Hepliaklqana
Kikubaaqudgha
Makhleb
Nemelex Xobeh
Okawaru
Qazlal
Ru
Sif Muna
Trog
Uskayaw
Vehumet
Xom
Yredelemnul
Zin
The Shining One
Jiyva

Shops:
D:5 (   D:9 *


Innate Abilities, Weirdness & Mutations

Your body is rotting away.
You thrive on raw meat.
You are immune to poison.
You have sharp fingernails.
You are carnivorous and can eat meat at any time.
Your flesh is cold resistant. (rC+)
You are immune to negative energy. (rN+++)
You do not regenerate when monsters are visible.
You are immune to unholy pain and torment.
You can survive without breathing.


Message History

The hornet buzzes angrily.
The water moccasin hisses angrily.
Being near the torpor snail leaves you feeling lethargic.
The death yak gores you!
* * * LOW HITPOINT WARNING * * *
The hornet stings you!
* * * LOW HITPOINT WARNING * * *
You block the torpor snail's attack. The hornet barely misses you.
You block the elephant's attack. x2
You block the wolf's attack.
The elephant tramples you but does no damage.
You block the elephant's attack. The wolf barely misses you.
You riposte.
You closely miss the wolf. You block the hornet's attack.
There is a stone staircase leading up here.
You block the wolf's attack. You block the hornet's attack.
You block the wolf's attack. The torpor snail bites you!
* * * LOW HITPOINT WARNING * * *
The elephant tramples you!
You die...
Your body glows slightly and disappears.

.............♣.......
%.8....8?.(.....#.P..
....8......%..###..# .........
.............###...###.........
........F..SSY#...#.#..........
........?.♣Y#.......##.......# #
........♣..♣Y.Y..............#..
#♣%.........FYYhY..........#....
...........FyY@.......l...P.P..
....#.......w........y.....P..
....#....#.Y.......#hP.##..P#
##.................l...#...P
..................S..P.#...
.......................#...
.........................#
.......................#
##.#..............


You could see 5 death yaks, 4 elephants, a torpor snail, 2 spiny frogs, a
hornet, a water moccasin and a wolf.

Vanquished Creatures
  Gastronok (D:8)
  A dire elephant (Lair:2)
  Snorg (D:10)
  The ghost of Dwachs the Thaumaturge, a journeyman DECj of Vehumet (Lair:2)
  6 hydras
  Harold (D:10)
  Erica (D:9)
  2 two-headed ogres
  2 death yaks (Lair:4)
  Nergalle (Lair:2)
  A fire crab (Lair:2)
  Pikel (D:4)
  12 elephants (Lair:2)
  A water nymph (Lair:6)
  6 black mambas
  A centaur skeleton (D:10)
  7 spiny frogs
  6 komodo dragons
  2 jumping spiders (Lair:2)
  3 trolls
  3 hornets
  3 meliai (Lair:5)
  A queen bee (Lair:5)
  7 hippogriffs
  A hippogriff (shapeshifter) (D:9)
  2 dream sheep (D:9)
  5 blink frogs
  3 redbacks (Lair:2)
  A shadow (Lair:3)
  6 wyverns
  15 yaks
  2 spriggans
  3 basilisks
  2 hungry ghosts
  2 steam dragons
  Edmund (D:4)
  18 water moccasins
  3 porcupines
  2 sky beasts
  A black bear (D:8)
  An orc warrior (D:6)
  A slave (D:4)
  A necrophage (D:7)
  2 phantoms
  4 ogres
  A boggart (Lair:6)
  9 centaurs
  10 crocodiles
  22 wolves
  5 big kobolds
  10 bullfrogs
  A wyvern skeleton (D:8)
  2 scorpions (D:9)
  14 killer bees
  4 wights (D:10)
  2 electric eels (D:10)
  8 crimson imps
  3 howler monkeys
  A centaur zombie (D:9)
  3 jellies
  3 orc priests
  Crazy Yiuf (D:3)
  4 hounds
  5 iguanas
  4 orc wizards
  8 worker ants
  A killer bee zombie (D:6)
  4 hound skeletons
  A worker ant zombie (D:7)
  2 howler monkey skeletons
  5 gnolls
  8 adders
  A shadow imp (D:7)
  3 oozes
  4 worms
  3 dart slugs
  4 leopard geckos
  22 orcs
  4 bat zombies (D:5)
  8 giant cockroaches
  10 goblins
  11 hobgoblins
  8 jackals
  13 kobolds
  A kobold (shapeshifter) (D:4)
  4 quokkas
  A ball python (D:6)
  6 bats
  3 frilled lizards
  11 rats
  A rat zombie (D:5)
  2 fungi
408 creatures vanquished.

Vanquished Creatures (collateral kills)
  A death yak (Lair:4)
  3 elephants (Lair:2)
  2 komodo dragons
  A polar bear (Lair:3)
  3 blink frogs
  A spriggan (Lair:3)
  A black bear (Lair:3)
  2 wolves (Lair:3)
  2 bullfrogs
  2 orc priests (D:7)
  2 orcs (D:7)
  A fungus (Lair:3)
21 creatures vanquished.

Vanquished Creatures (others)
  A death yak (Lair:4)
  A fire crab (Lair:3)
  An ooze (D:4)
  70 fungi
  29 plants
102 creatures vanquished.

Grand Total: 531 creatures vanquished

Notes
Turn   | Place    | Note
-------+----------+-------------------------------------------
     0 | D:1      | Rrauwl the Ghoul Wanderer began the quest for the Orb.
     0 | D:1      | Rrauwl set off with: a +2 scale mail, a +0 falchion, a +0 short sword, a meat ration
     0 | D:1      | Reached XP level 1. HP: 17/17 MP: 1/1
   103 | D:1      | Reached XP level 2. HP: 19/25 MP: 2/2
   440 | D:1      | Reached XP level 3. HP: 18/30 MP: 3/3
   849 | D:2      | Found a shimmering altar of Xom.
   973 | D:2      | Found a deep blue altar of Sif Muna.
   981 | D:2      | Became a worshipper of Sif Muna the Loreminder
   982 | D:2      | Fell from the grace of Sif Muna
   983 | D:2      | Reached skill level 3 in Fighting
   983 | D:2      | Reached XP level 4. HP: 37/37 MP: 4/4
  1810 | D:3      | Reached XP level 5. HP: 17/45 MP: 5/5
  1839 | D:3      | Reached skill level 1 in Long Blades
  1839 | D:3      | Reached skill level 1 in Slings
  2204 | D:3      | Found a white marble altar of Elyvilon.
  2309 | D:3      | Found a runed door.
  2313 | D:3      | Noticed Crazy Yiuf
  2322 | D:3      | Killed Crazy Yiuf
  2436 | D:3      | Reached XP level 6. HP: 52/52 MP: 6/6
  2703 | D:4      | Reached skill level 7 in Fighting
  2703 | D:4      | Reached skill level 5 in Long Blades
  2703 | D:4      | Reached skill level 5 in Slings
  2703 | D:4      | Reached XP level 7. HP: 66/66 MP: 7/7
  2867 | D:4      | Found a glowing silver altar of Zin.
  3023 | D:4      | Noticed Edmund
  3028 | D:4      | Killed Edmund
  3072 | D:4      | Noticed Pikel
  3115 | D:4      | Killed Pikel
  3115 | D:4      | Reached XP level 8. HP: 63/73 MP: 8/8
  3118 | D:4      | Got a polished whip {drain}
  3119 | D:4      | Identified the cursed +3 whip of Sozu {drain, +Blink rPois rC+ Dex-5} (You found it on level 4 of the Dungeon)
  3425 | D:5      | Entered Level 5 of the Dungeon
  3604 | D:5      | Found a shattered altar of Ashenzari.
  3884 | D:5      | Found a staircase to the Ecumenical Temple.
  3888 | Temple   | Entered the Ecumenical Temple
  3985 | Temple   | Became a worshipper of Nemelex Xobeh the Trickster
  4015 | D:5      | Received a gift from Nemelex Xobeh
  4195 | D:5      | Reached XP level 9. HP: 11/77 MP: 9/9
  4221 | D:5      | Found Osutotipt's Antique Weapon Boutique.
  4448 | D:5      | Found an ancient bone altar of Kikubaaqudgha.
  4772 | D:6      | Reached skill level 1 in Invocations
  5070 | D:6      | Reached * piety under Nemelex Xobeh
  5256 | D:7      | Found a burning altar of Makhleb.
  5646 | D:8      | Noticed Grum
  5706 | D:7      | Reached skill level 8 in Fighting
  5722 | D:8      | Noticed Grum
  5722 | D:8      | Grum changed into Grum the wolf
  5735 | D:8      | Killed Grum the wolf
  5748 | D:8      | Reached XP level 10. HP: 40/88 MP: 6/11
  5754 | D:8      | Noticed a two-headed ogre
  5762 | D:8      | Noticed Erica
  5798 | D:9      | Killed Erica
  6044 | D:9      | Noticed a two-headed hydra
  6047 | D:9      | Killed a one-headed hydra
  6135 | D:9      | Noticed a two-headed ogre
  6139 | D:9      | Noticed a glowing shapeshifter
  6139 | D:9      | a two-headed ogre changed into a glowing shapeshifter
  6140 | D:9      | a glowing shapeshifter changed into a raiju
  6150 | D:9      | Reached XP level 11. HP: 86/95 MP: 0/12
  6180 | D:9      | Found Qapnaz's Changing Room.
  6189 | D:9      | Received a gift from Nemelex Xobeh
  6301 | D:8      | Reached ** piety under Nemelex Xobeh
  6306 | D:8      | Noticed Gastronok
  6339 | D:8      | Killed Gastronok
  6374 | D:8      | Killed a two-headed ogre
  6374 | D:8      | Reached skill level 9 in Fighting
  6842 | D:9      | Found a stormy altar of Qazlal.
  7118 | D:9      | Noticed a two-headed ogre
  7128 | D:9      | Killed a two-headed ogre
  7154 | D:9      | Noticed a five-headed hydra
  7154 | D:9      | Noticed a four-headed hydra
  7162 | D:9      | Killed a five-headed hydra
  7162 | D:9      | Reached skill level 1 in Shields
  7164 | D:9      | Killed a four-headed hydra
  7196 | D:9      | Reached skill level 5 in Evocations
  7225 | D:9      | Got a slimy scale mail
  7236 | D:9      | Identified the +5 scale mail of Spring {rC+ rN+ Dex-3 Stlth+} (You found it on level 9 of the Dungeon)
  7323 | D:9      | Reached skill level 5 in Invocations
  7410 | D:10     | Entered Level 10 of the Dungeon
  7418 | D:10     | Reached XP level 12. HP: 102/105 MP: 14/14
  7449 | D:10     | Noticed Harold
  7469 | D:10     | Killed Harold
  7648 | D:10     | Found a staircase to the Lair.
  7813 | D:10     | Received a gift from Nemelex Xobeh
  7889 | D:10     | Identified a scroll of acquirement
  7915 | D:10     | Noticed Snorg
  7928 | D:10     | Killed Snorg
  8495 | Lair:1   | Entered Level 1 of the Lair of Beasts
  8545 | Lair:1   | Reached *** piety under Nemelex Xobeh
  9083 | Lair:1   | Was forgiven by Sif Muna
  9684 | Lair:2   | Received a gift from Nemelex Xobeh
  9913 | Lair:3   | Reached skill level 10 in Fighting
  9961 | Lair:3   | Noticed a five-headed hydra
  9967 | Lair:3   | Killed a five-headed hydra
  9994 | Lair:3   | Reached XP level 13. HP: 113/113 MP: 13/16
 10109 | Lair:3   | Reached **** piety under Nemelex Xobeh
 10227 | Lair:3   | Found a staircase to the Swamp.
 10966 | Lair:5   | Found a viscous altar of Jiyva.
 10976 | Lair:6   | Entered Level 6 of the Lair of Beasts
 11033 | Lair:5   | Found a staircase to the Slime Pits.
 11289 | Lair:5   | Received a gift from Nemelex Xobeh
 12273 | Lair:2   | Noticed Dwachs's ghost (journeyman DECj)
 12293 | Lair:2   | Killed Dwachs's ghost
 12401 | Lair:2   | Noticed Nergalle
 12419 | Lair:2   | Killed Nergalle
 12683 | Lair:2   | Received a gift from Nemelex Xobeh
 12709 | Lair:2   | Noticed a dire elephant
 12728 | Lair:2   | Killed a dire elephant
 13188 | Lair:2   | Found a hole to the Spider Nest.
 13424 | Lair:4   | Reached XP level 14. HP: 100/122 MP: 16/18
 13484 | Lair:4   | Reached skill level 11 in Fighting
 13536 | Lair:4   | Reached ***** piety under Nemelex Xobeh
 13569 | Lair:4   | Reached skill level 5 in Shields
 13629 | Lair:4   | Learned a level 3 spell: Regeneration
 14662 | Lair:6   | Received a gift from Nemelex Xobeh
 14821 | Lair:6   | Slain by an elephant

Skill      XL: |  1  2  3  4  5  6  7  8  9 10 11 12 13 14 |
---------------+-------------------------------------------+-----
Armour         | 2 3 6 7 8 9 |  9.0
Dodging        | 2 3 6 7 8 9 |  9.1
Fighting       | 3 7 8 9 10 11 | 11.3
Long Blades    | 1 5 6 7 8 9 |  9.3
Slings         | 1 5 6 7 8 9 |  9.2
Evocations     | 2 3 5 6 7 |  7.0
Invocations    | 2 3 5 6 7 8 |  8.2
Shields        | 1 3 4 5 |  5.6
Short Blades   | |  1.7

Action                   |  1- 3 |  4- 6 |  7- 9 | 10-12 | 13-15 || total
-------------------------+-------+-------+-------+-------+-------++-------
Melee: Falchion          |   110 |   156 |    51 |       |       ||   317
       Quarterstaff      |       |    16 |   299 |    23 |       ||   338
       Scimitar          |       |       |       |   599 |   781 ||  1380
 Fire: Hunting sling     |    11 |     7 |     1 |    34 |    21 ||    74
Invok: Renounce Religion |     1 |       |       |       |       ||     1
       Triple Draw       |       |       |       |       |     1 ||     1
Evoke: Deck              |       |       |     3 |    16 |    23 ||    42
       Wand              |       |       |       |    13 |    19 ||    32
       Lamp of fire      |       |       |       |     1 |     2 ||     3
  Use: Potion            |       |     6 |     4 |     6 |     6 ||    22
       Scroll            |       |     1 |    17 |     6 |    13 ||    37
 Stab: Petrified         |       |       |     2 |     1 |       ||     3
       Petrifying        |       |       |     1 |     1 |       ||     2
       Confused          |       |       |     1 |       |     1 ||     2
  Eat: Chunk             |    11 |    25 |    31 |    88 |   121 ||   276
       Meat ration       |       |       |       |       |     1 ||     1
Armor: Scale mail        |    55 |   107 |    49 |   142 |   327 ||   680
       Chain mail        |       |       |   187 |   151 |       ||   338
Dodge: Dodged            |    73 |   101 |   204 |   203 |   285 ||   866
Block: Large shield      |       |       |       |   272 |   677 ||   949
       Rpst.: Falchion   |    21 |    31 |     2 |       |       ||    54
       Scimitar          |       |       |       |    54 |    79 ||   133
